[ AOE2 MATCH · #504801529 ]
UnrankedKoreans vs Wei
Player's team · LOSS
Rival team · WIN
[ REPLAY ANALYSIS · EXTRACTED FROM THE RECORDED GAME ]
Feudal
8:51
Castle
23:48
Imperial
—
| APM avg | 69.7 |
| APM peak | 94 |
| eAPM avg | 20.1 |
| Villagers / military | 49 / 46 |
Focus
⚔️ 32.4% · 🌾 67.6%
Spearman ×21 · Skirmisher ×21 · Scout Cavalry ×4
Feudal
8:29
Castle
20:29
Imperial
—
| APM avg | 81.8 |
| APM peak | 120 |
| eAPM avg | 31.8 |
| Villagers / military | 51 / 19 |
Focus
⚔️ 48.3% · 🌾 51.7%
Unknown (1944) ×20 · Skirmisher ×16 · Unknown (1952) ×3 · Spearman ×1 · Battering Ram ×1 · Scout Cavalry ×1
Match map
Initial resources + every placement click. Lines = walls · curves = elevation contours. ◆ gold · ⬟ stone · ● berries · ✦ relic · ◌ wall gap
Your base· ✓ Closed at 23:48 · 26t walls · 1 gate(s)
Mr.Bean's base· ✓ Closed at 20:29 · 7t walls · 1 gate(s)
Smoothed initial terrain · ◌ = detected wall gap · hover for details
Inputs per minute
— LukeTheHunter - - Mr.Bean
Build order — LukeTheHunter
First 150 of 189 actions detected
| 0:01 | Queue | Villager (Male) |
| 0:01 | Queue | Villager (Male) |
| 0:02 | Build | House |
| 0:03 | Build | House |
| 0:08 | Queue | Villager (Male) |
| 0:15 | Queue | Villager (Male) |
| 1:26 | Queue | Villager (Male) |
| 1:43 | Queue | Villager (Male) |
| 1:43 | Queue | Villager (Male) |
| 1:54 | Build | Lumber Camp |
| 2:18 | Queue | Villager (Male) |
| 2:49 | Queue | Villager (Male) |
| 3:07 | Queue | Villager (Male) |
| 3:42 | Queue | Villager (Male) |
| 3:51 | Build | House |
| 3:59 | Queue | Villager (Male) |
| 4:26 | Queue | Villager (Male) |
| 4:34 | Build | Mill |
| 4:41 | Build | Palisade Wall |
| 4:43 | Build | Palisade Wall |
| 4:45 | Build | Palisade Wall |
| 4:49 | Queue | Villager (Male) |
| 5:06 | Queue | Villager (Male) |
| 5:13 | Queue | Villager (Male) |
| 5:54 | Research | Loom |
| 6:36 | Research | Feudal Age |
| 6:50 | Build | Palisade Wall |
| 7:28 | Build | House |
| 7:31 | Build | House |
| 7:32 | Build | Barracks |
| 7:55 | Build | Palisade Wall |
| 7:56 | Build | Palisade Wall |
| 7:58 | Build | Palisade Wall |
| 7:59 | Build | Palisade Wall |
| 8:00 | Build | Palisade Wall |
| 8:01 | Build | Palisade Wall |
| 8:01 | Build | Palisade Wall |
| 8:05 | Build | Palisade Wall |
| 8:06 | Build | Palisade Wall |
| 8:07 | Build | Palisade Wall |
| 8:08 | Build | Palisade Wall |
| 8:08 | Build | Palisade Wall |
| 8:10 | Build | Palisade Wall |
| 8:28 | Queue | Villager (Male) |
| 8:51 | Age | Feudal Age |
| 8:53 | Build | Archery Range |
| 8:57 | Queue | Spearman |
| 8:59 | Research | Double-Bit Axe |
| 8:59 | Queue | Villager (Male) |
| 9:20 | Queue | Villager (Male) |
| 9:24 | Queue | Spearman |
| 9:29 | Research | Horse Collar |
| 9:29 | Research | Horse Collar |
| 9:29 | Queue | Villager (Male) |
| 9:37 | Build | House |
| 9:39 | Queue | Skirmisher |
| 9:47 | Queue | Skirmisher |
| 9:47 | Queue | Villager (Male) |
| 9:51 | Build | Palisade Wall |
| 9:59 | Queue | Spearman |
| 10:03 | Build | House |
| 10:09 | Build | Palisade Gate |
| 10:10 | Build | Palisade Wall |
| 10:14 | Queue | Skirmisher |
| 10:37 | Queue | Skirmisher |
| 10:51 | Queue | Villager (Male) |
| 10:55 | Build | Farm |
| 10:56 | Build | Farm |
| 11:05 | Queue | Skirmisher |
| 11:05 | Queue | Villager (Male) |
| 11:14 | Build | Farm |
| 11:41 | Queue | Villager (Male) |
| 11:51 | Queue | Skirmisher |
| 11:52 | Queue | Villager (Male) |
| 12:07 | Build | House |
| 12:10 | Research | Town Watch |
| 12:15 | Queue | Skirmisher |
| 12:17 | Build | Archery Range |
| 12:23 | Build | House |
| 12:24 | Build | House |
| 12:28 | Queue | Villager (Male) |
| 12:28 | Queue | Villager (Male) |
| 12:42 | Queue | Villager (Male) |
| 12:56 | Queue | Skirmisher |
| 13:06 | Build | Blacksmith |
| 13:12 | Queue | Skirmisher |
| 13:12 | Queue | Skirmisher |
| 13:15 | Queue | Skirmisher |
| 13:22 | Queue | Villager (Male) |
| 13:36 | Queue | Skirmisher |
| 13:40 | Build | House |
| 13:49 | Queue | Skirmisher |
| 13:50 | Queue | Villager (Male) |
| 14:02 | Build | Farm |
| 14:09 | Build | House |
| 14:12 | Queue | Villager (Male) |
| 14:25 | Build | Farm |
| 14:30 | Queue | Skirmisher |
| 14:32 | Queue | Villager (Male) |
| 14:37 | Build | Farm |
| 14:37 | Build | Farm |
| 14:37 | Build | Farm |
| 14:40 | Queue | Skirmisher |
| 14:57 | Research | Fletching |
| 14:57 | Research | Fletching |
| 14:58 | Research | Fletching |
| 15:13 | Build | Farm |
| 15:25 | Queue | Villager (Male) |
| 15:25 | Queue | Villager (Male) |
| 15:25 | Queue | Villager (Male) |
| 15:29 | Build | Farm |
| 15:29 | Build | Farm |
| 15:30 | Build | Farm |
| 15:30 | Queue | Skirmisher |
| 15:31 | Queue | Skirmisher |
| 15:31 | Queue | Skirmisher |
| 15:35 | Queue | Villager (Male) |
| 15:57 | Build | Farm |
| 15:57 | Build | Farm |
| 16:21 | Build | Watch Tower |
| 16:24 | Queue | Villager (Male) |
| 16:31 | Build | Watch Tower |
| 16:35 | Queue | Villager (Male) |
| 16:36 | Queue | Villager (Male) |
| 16:37 | Queue | Skirmisher |
| 16:37 | Queue | Skirmisher |
| 16:37 | Queue | Skirmisher |
| 17:00 | Queue | Villager (Male) |
| 17:11 | Build | Mill |
| 17:17 | Queue | Villager (Male) |
| 17:24 | Queue | Villager (Male) |
| 17:32 | Queue | Villager (Male) |
| 17:38 | Build | Mining Camp |
| 17:46 | Build | Stable |
| 18:13 | Build | Mining Camp |
| 18:17 | Queue | Scout Cavalry |
| 18:18 | Queue | Scout Cavalry |
| 18:36 | Build | Mining Camp |
| 18:50 | Research | Scale Barding Armor |
| 18:50 | Research | Scale Barding Armor |
| 18:50 | Queue | Scout Cavalry |
| 18:59 | Queue | Villager (Male) |
| 19:24 | Build | Farm |
| 19:24 | Build | Farm |
| 19:24 | Build | Farm |
| 19:24 | Build | Farm |
| 19:25 | Build | Farm |
| 19:36 | Queue | Scout Cavalry |
| 19:50 | Queue | Villager (Male) |
| 19:50 | Queue | Villager (Male) |
Build order — Mr.Bean
First 150 of 168 actions detected
| 0:01 | Queue | Villager (Male) |
| 0:02 | Build | House |
| 0:03 | Build | House |
| 0:07 | Queue | Villager (Male) |
| 0:18 | Queue | Villager (Male) |
| 0:26 | Queue | Villager (Male) |
| 0:26 | Queue | Villager (Male) |
| 1:20 | Queue | Villager (Male) |
| 1:20 | Queue | Villager (Male) |
| 1:40 | Queue | Villager (Male) |
| 1:40 | Queue | Villager (Male) |
| 2:25 | Build | Lumber Camp |
| 2:31 | Queue | Villager (Male) |
| 2:35 | Queue | Villager (Male) |
| 2:36 | Queue | Villager (Male) |
| 2:46 | Queue | Villager (Male) |
| 2:47 | Queue | Villager (Male) |
| 3:32 | Build | House |
| 3:39 | Queue | Villager (Male) |
| 3:39 | Queue | Villager (Male) |
| 4:39 | Queue | Villager (Male) |
| 4:39 | Queue | Villager (Male) |
| 4:55 | Build | Mill |
| 5:15 | Queue | Villager (Male) |
| 5:29 | Research | Loom |
| 5:29 | Research | Loom |
| 6:16 | Research | Feudal Age |
| 7:09 | Build | Barracks |
| 7:20 | Build | House |
| 7:27 | Queue | Villager (Male) |
| 8:26 | Queue | Villager (Male) |
| 8:29 | Age | Feudal Age |
| 8:36 | Research | Double-Bit Axe |
| 8:36 | Research | Horse Collar |
| 8:58 | Build | Archery Range |
| 9:13 | Queue | Villager (Male) |
| 9:27 | Build | House |
| 9:38 | Queue | Villager (Male) |
| 9:46 | Queue | Spearman |
| 9:55 | Build | Palisade Wall |
| 9:56 | Build | House |
| 10:02 | Queue | Villager (Male) |
| 10:03 | Build | Palisade Wall |
| 10:05 | Build | Palisade Wall |
| 10:08 | Queue | Skirmisher |
| 10:09 | Queue | Villager (Male) |
| 10:19 | Research | Town Watch |
| 10:21 | Queue | Villager (Male) |
| 10:23 | Build | Farm |
| 10:25 | Build | Farm |
| 10:25 | Build | Farm |
| 10:30 | Queue | Skirmisher |
| 10:31 | Queue | Skirmisher |
| 10:44 | Build | Farm |
| 10:53 | Queue | Skirmisher |
| 11:02 | Build | House |
| 11:05 | Queue | Villager (Male) |
| 11:07 | Build | Palisade Wall |
| 11:18 | Build | Farm |
| 11:32 | Queue | Villager (Male) |
| 11:39 | Queue | Skirmisher |
| 11:42 | Queue | Villager (Male) |
| 11:50 | Build | Farm |
| 11:55 | Queue | Villager (Male) |
| 12:06 | Queue | Villager (Male) |
| 12:12 | Build | Blacksmith |
| 12:15 | Queue | Skirmisher |
| 12:17 | Queue | Villager (Male) |
| 12:33 | Build | House |
| 12:34 | Queue | Villager (Male) |
| 12:36 | Build | Palisade Wall |
| 12:39 | Queue | Skirmisher |
| 12:40 | Queue | Villager (Male) |
| 12:57 | Queue | Villager (Male) |
| 13:01 | Build | Farm |
| 13:07 | Queue | Skirmisher |
| 13:12 | Build | House |
| 13:18 | Build | Farm |
| 13:28 | Queue | Skirmisher |
| 13:34 | Build | Palisade Wall |
| 13:45 | Research | Fletching |
| 13:45 | Research | Fletching |
| 13:47 | Queue | Skirmisher |
| 14:02 | Queue | Villager (Male) |
| 14:06 | Queue | Skirmisher |
| 14:06 | Queue | Villager (Male) |
| 14:15 | Queue | Villager (Male) |
| 14:24 | Build | Mining Camp |
| 14:34 | Build | House |
| 14:35 | Build | House |
| 14:36 | Build | Palisade Wall |
| 14:39 | Build | Palisade Gate |
| 14:40 | Build | House |
| 14:48 | Queue | Villager (Male) |
| 14:58 | Queue | Skirmisher |
| 14:59 | Queue | Skirmisher |
| 15:24 | Queue | Villager (Male) |
| 15:42 | Build | Farm |
| 15:43 | Build | Farm |
| 16:12 | Queue | Villager (Male) |
| 16:18 | Build | Mining Camp |
| 17:02 | Queue | Villager (Male) |
| 17:04 | Build | Market |
| 17:35 | Build | Mining Camp |
| 17:40 | Research | Castle Age |
| 17:40 | Research | Castle Age |
| 17:53 | Research | Gold Mining |
| 18:04 | Build | Farm |
| 18:09 | Build | Farm |
| 18:09 | Build | Farm |
| 18:22 | Build | Farm |
| 18:35 | Research | Padded Archer Armor |
| 18:36 | Queue | Skirmisher |
| 18:37 | Queue | Skirmisher |
| 18:43 | Build | Lumber Camp |
| 19:16 | Queue | Skirmisher |
| 19:19 | Build | Stable |
| 19:20 | Build | Stable |
| 19:43 | Build | Stable |
| 19:46 | Research | Scale Barding Armor |
| 19:56 | Build | Farm |
| 19:56 | Build | Farm |
| 20:05 | Queue | Scout Cavalry |
| 20:29 | Age | Castle Age |
| 20:31 | Queue | Unit 1944 |
| 20:31 | Queue | Unit 1944 |
| 20:33 | Queue | Villager (Male) |
| 20:47 | Queue | Unit 1944 |
| 20:57 | Queue | Unit 1944 |
| 21:02 | Build | House |
| 21:17 | Queue | Unit 1944 |
| 21:25 | Build | Town Center |
| 21:30 | Queue | Villager (Male) |
| 21:39 | Build | Siege Workshop |
| 21:40 | Queue | Unit 1944 |
| 21:56 | Queue | Unit 1944 |
| 21:57 | Queue | Unit 1944 |
| 22:02 | Build | Farm |
| 22:02 | Build | Farm |
| 22:04 | Queue | Villager (Male) |
| 22:04 | Queue | Villager (Male) |
| 22:07 | Build | Farm |
| 22:15 | Queue | Unit 1944 |
| 22:16 | Queue | Unit 1944 |
| 22:44 | Queue | Unit 1944 |
| 22:53 | Queue | Unit 1944 |
| 22:53 | Queue | Unit 1944 |
| 23:00 | Queue | Unit 1944 |
| 23:00 | Queue | Unit 1944 |
| 23:09 | Build | Siege Workshop |
Match timeline
| 4:41 | LukeTheHunter · wall_segment Palisade Wall x1 |
| 4:43 | LukeTheHunter · wall_segment Palisade Wall x1 |
| 4:45 | LukeTheHunter · wall_segment Palisade Wall x1 |
| 6:50 | LukeTheHunter · wall_segment Palisade Wall x1 |
| 7:09 | Mr.Bean · first_building Barracks |
| 7:32 | LukeTheHunter · first_building Barracks |
| 7:55 | LukeTheHunter · wall_segment Palisade Wall x1 |
| 7:56 | LukeTheHunter · wall_segment Palisade Wall x1 |
| 7:58 | LukeTheHunter · wall_segment Palisade Wall x1 |
| 7:59 | LukeTheHunter · wall_segment Palisade Wall x1 |
| 8:00 | LukeTheHunter · wall_segment Palisade Wall x1 |
| 8:01 | LukeTheHunter · wall_segment Palisade Wall x1 |
| 8:01 | LukeTheHunter · wall_segment Palisade Wall x1 |
| 8:05 | LukeTheHunter · wall_segment Palisade Wall x1 |
| 8:06 | LukeTheHunter · wall_segment Palisade Wall x1 |
| 8:07 | LukeTheHunter · wall_segment Palisade Wall x1 |
| 8:08 | LukeTheHunter · wall_segment Palisade Wall x1 |
| 8:08 | LukeTheHunter · wall_segment Palisade Wall x1 |
| 8:10 | LukeTheHunter · wall_segment Palisade Wall x1 |
| 8:29 | Mr.Bean · age_up feudal |
| 8:51 | LukeTheHunter · age_up feudal |
| 8:53 | LukeTheHunter · first_building Archery Range |
| 8:58 | Mr.Bean · first_building Archery Range |
| 9:51 | LukeTheHunter · wall_segment Palisade Wall x5 |
| 9:55 | Mr.Bean · wall_segment Palisade Wall x1 |
| 10:03 | Mr.Bean · wall_segment Palisade Wall x1 |
| 10:05 | Mr.Bean · wall_segment Palisade Wall x1 |
| 10:10 | LukeTheHunter · wall_segment Palisade Wall x4 |
| 11:07 | Mr.Bean · wall_segment Palisade Wall x1 |
| 12:36 | Mr.Bean · wall_segment Palisade Wall x1 |
| 13:34 | Mr.Bean · wall_segment Palisade Wall x1 |
| 14:36 | Mr.Bean · wall_segment Palisade Wall x1 |
| 17:39 | Mr.Bean · first_market_sell 100 stone |
| 17:46 | LukeTheHunter · first_building Stable |
| 19:19 | Mr.Bean · first_building Stable |
| 20:29 | Mr.Bean · age_up castle |
| 21:39 | Mr.Bean · first_building Siege Workshop |
| 23:36 | Mr.Bean · wall_segment Palisade Wall x1 |
| 23:42 | Mr.Bean · wall_segment Palisade Wall x1 |
| 23:44 | Mr.Bean · wall_segment Palisade Wall x1 |
| 23:45 | Mr.Bean · wall_segment Palisade Wall x1 |
| 23:48 | LukeTheHunter · age_up castle |
| 25:06 | LukeTheHunter · resign |
[ AI ANALYSIS · 1 CREDIT ]
What really happened in this match?
Wolo.gg analyzes every decision: build order, eco, micro, common mistakes by bracket. Personalized analysis on WhatsApp or Discord in 30 seconds.
Civ guide
Koreans
Perfil
LukeTheHunter